Map: Prion Terraces

Players

Miszu - Winner!

  • Race: Terran Terran
  • League: Master

Milky

  • Race: Zerg Zerg
  • League: Master

VOD

Have the link to the VOD?

Description

Time

  • Played on: March 21, 2016, 4:40 p.m.
  • Length: 9:35
Show
View Real Time Build Order
Export as new Build Order

Miszu Terran - Winner!

Build Orders: MMM Bio 

Get SALT Encoding   

  12  0:01  SCV  
  13  0:13  SCV  
  14  0:19  Supply Depot  
  14  0:21  Supply Depot  
  14  0:25  SCV  
  16  0:42  SCV  
  16  0:45  Barracks  
  16  0:48  Refinery  
  16  0:55  SCV  
  17  1:07  SCV  
  18  1:15  Barracks  
  18  1:19  SCV  
  18  1:23  Barracks  
  19  1:31  SCV  
  20  1:36  Reaper  
  21  1:41  Refinery  
  21  1:45  Orbital Command  
  21  1:52  Supply Depot  
  21  2:04  Reaper  
  22  2:10  SCV  
  22  2:14  Reaper  
  24  2:16  Reaper  
  24  2:22  Supply Depot, SCV  
  26  2:34  SCV  
  26  2:36  Reaper  
  28  2:46  Reaper, SCV  
  28  2:48  Reaper  
  31  3:03  SCV  
  32  3:06  Command Center  
  32  3:08  Reaper  
  33  3:18  Reaper  
  34  3:20  Reaper  
  34  3:22  SCV  
  36  3:39  SCV  
  36  3:40  Reaper  
  38  3:43  Command Center  
  38  3:51  SCV  
  39  3:56  Barracks Reactor  
  39  3:57  Barracks Tech Lab  
  39  4:12  Barracks Tech Lab  
  39  4:17  Stimpack  
  39  4:18  Marine, SCV  
  39  4:20  Orbital Command  
  41  4:30  Marine, SCV  
  41  4:31  Combat Shields  
  42  4:34  Marine x2  
  42  4:36  Marine  
  45  4:42  SCV  
  46  4:48  Marine  
  46  4:52  Marine x2  
  49  4:53  Marine  
  49  4:54  SCV  
  50  5:06  Marine, SCV  
  52  5:09  Marine x2  
  52  5:11  Marine  
  55  5:19  SCV  
  54  5:24  Marine  
  54  5:26  SCV  
  54  5:27  Marine x2  
  59  5:29  Marine  
  59  5:30  Refinery  
  59  5:31  Refinery, SCV  
  59  5:32  Factory, Orbital Command  
  58  5:38  Barracks, SCV  
  58  5:39  Barracks  
  58  5:41  Marine  
  60  5:43  SCV  
  60  5:45  Supply Depot, Marine x2  
  60  5:47  Marine  
  64  5:50  SCV  
  64  5:55  SCV  
  66  6:02  Bunker  
  66  6:03  Marine x2, Marauder, Concussive Shells  
  65  6:05  Bunker, Marauder, SCV  
  65  6:06  SCV  
  69  6:17  Engineering Bay  
  69  6:19  Engineering Bay  
  69  6:21  Starport, Marine, Factory Reactor  
  69  6:25  SCV x2  
  73  6:29  Barracks Reactor x2  
  72  6:33  Marauder  
  72  6:34  Marine, Marauder  
  77  6:50  Terran Infantry Weapons Level 1, Terran Infantry Armor Level 1  
  77  6:52  Armory, Orbital Command  
  77  6:59  Supply Depot  
  77  7:01  Supply Depot, Marine, SCV x2  
  77  7:02  Marauder x2  
  84  7:09  Marine  
  84  7:13  SCV x2  
  84  7:15  Marine x3  
  77  7:16  Marine  
  77  7:17  Factory Reactor  
  77  7:19  Marine, Medivac x2  
  84  7:23  Marauder x2  
  84  7:25  SCV x2  
  84  7:28  Supply Depot  
  87  7:33  Marine  
  87  7:35  Marine  
  87  7:36  Marine  
  90  7:37  Marine  
  90  7:38  SCV x2  
  92  7:44  Marauder  
  92  7:45  Marauder  
  92  7:47  Factory Tech Lab  
  92  7:49  Medivac x2  
  92  7:50  SCV x2  
  102  7:53  Orbital Command  
  102  7:55  Supply Depot  
  102  7:59  Marine x2  
  102  8:00  Marine x2  
  102  8:02  SCV x2  
  108  8:10  Marine x2, Marauder  
  108  8:11  Marine  
  94  8:16  SCV  
  94  8:17  Marine x2  
  94  8:19  SCV x2  
  93  8:23  Siege Tank  
  96  8:29  Marauder  
  96  8:30  Marine  
  96  8:31  Marine  
  96  8:32  Medivac  
  102  8:34  Medivac  
  102  8:35  Marine  
  105  8:43  Supply Depot  
  105  8:44  Supply Depot  
  105  8:52  Marine  
  105  8:53  Marine x5, Marauder  
  107  8:56  Marine  
  107  9:05  Medivac  
  112  9:10  Marine  
  112  9:11  Marauder  
  112  9:14  Marine, Marauder  
  112  9:15  Marine x3  
  118  9:35  Barracks x2  
Show
View Real Time Build Order
Export as new Build Order

Milky Zerg 

Build Orders: Hatch First 

Get SALT Encoding   

  12  0:01  Drone  
  13  0:12  Overlord  
  13  0:17  Drone  
  14  0:30  Drone x2  
  14  0:35  Drone  
  17  0:52  Hatchery  
  17  0:56  Drone  
  17  1:08  Spawning Pool  
  17  1:11  Drone  
  17  1:14  Drone  
  17  1:18  Drone  
  19  1:28  Extractor  
  19  1:29  Drone  
  19  1:38  Drone  
  20  1:55  Queen  
  20  1:56  Roach Warren, Zergling x2  
  22  2:04  Queen  
  24  2:09  Drone  
  24  2:14  Overlord  
  25  2:20  Drone  
  25  2:22  Drone  
  27  2:24  Drone  
  28  2:32  Queen  
  30  2:39  Spore Crawler  
  29  2:53  Overlord  
  29  2:54  Roach  
  29  2:55  Roach x2  
  34  3:01  Drone  
  35  3:12  Roach  
  37  3:13  Roach  
  39  3:21  Roach  
  39  3:22  Roach  
  39  3:25  Overlord  
  43  3:27  Overlord  
  43  3:29  Extractor  
  43  3:32  Drone  
  42  3:43  Roach x4  
  42  3:47  Overlord  
  52  3:48  Roach  
  52  3:56  Drone  
  52  3:57  Drone x3  
  52  3:59  Roach  
  58  4:06  Extractor  
  58  4:08  Overlord  
  58  4:10  Drone x2  
  59  4:21  Overlord  
  59  4:26  Drone  
  59  4:30  Drone  
  59  4:31  Drone x3  
  64  4:34  Lair  
  64  4:36  Roach  
  66  4:43  Roach  
  68  4:50  Roach  
  66  5:05  Hatchery  
  65  5:09  Roach x4  
  65  5:13  Drone x2  
  65  5:14  Drone x4  
  76  5:16  Roach  
  77  5:21  Roach  
  77  5:26  Roach  
  77  5:32  Roach  
  77  5:38  Roach  
  79  5:45  Hatchery  
  79  5:48  Roach  
  79  5:49  Roach  
  82  5:52  Drone x2  
  82  5:53  Drone x2  
  81  5:58  Drone x2  
  81  6:03  Drone  
  80  6:12  Drone x4  
  80  6:17  Drone, Evolution Chamber  
  84  6:18  Evolution Chamber  
  84  6:19  Overseer  
  83  6:27  Ravager  
  83  6:29  Overlord x2  
  84  6:38  Overlord  
  84  6:39  Glial Reconstitution  
  84  6:43  Extractor  
  83  6:50  Ravager x2  
  83  6:51  Ravager  
  86  6:54  Drone x3  
  86  6:55  Drone x2  
  86  6:57  Drone x4  
  86  6:58  Drone  
  86  7:01  Zerg Missile Weapons Level 1  
  96  7:06  Roach  
  98  7:08  Overseer  
  98  7:15  Overlord  
  98  7:16  Drone  
  98  7:17  Drone x3  
  102  7:27  Ravager  
  102  7:28  Overlord x2  
  103  7:30  Overlord  
  103  7:38  Drone x4  
  103  7:39  Drone x2  
  103  7:41  Extractor  
  103  7:42  Extractor  
  105  7:48  Drone  
  105  7:49  Drone  
  105  7:50  Infestation Pit  
  106  7:56  Drone x3  
  109  8:01  Roach  
  109  8:02  Roach x3  
  93  8:16  Roach x7  
  86  8:20  Roach x2  
  88  8:27  Hatchery  
  88  8:32  Pathogen Glands  
  87  8:40  Roach  
  87  8:41  Roach x5  
  99  8:49  Roach x5  
  99  8:54  Roach x2  
  99  8:55  Roach  
  101  8:57  Roach  
  101  9:02  Roach x3  
  99  9:05  Roach  
  101  9:10  Roach x2  
  101  9:11  Roach  
Tags
 
Composition
MMM Bio
Matchup
TvZ
Add a new tag
Caveats
  • Supply blocks, unpowered buildings, or Contaminate may cause inaccurate times.
  • Supply counts are checked every 10 seconds.